 Dungeon Crawl Stone Soup version 0.28-b1-25-g9875b3fc8c (webtiles) character file.

Game seed: 7441293184574667096

1285 diecastcamel the Sneak (level 8, -8/55 HPs)
             Began as an Octopode Fighter on Feb 2, 2022.
             Was an Initiate of Uskayaw.
             Mangled by an ice beast (14 damage)
             ... on level 3 of the Dungeon.
             The game lasted 00:33:05 (5310 turns).

diecastcamel the Sneak (Octopode Fighter)           Turns: 5310, Time: 00:33:05

Health: -8/55      AC:  5    Str: 17    XL:     8   Next: 55%
Magic:  6/8        EV: 14    Int: 10    God:    Uskayaw [......]
Gold:   82         SH:  6    Dex: 12    Spells: 7/7 levels left

rFire   . . .      SeeInvis .   n - +4 morningstar (drain)
rCold   . . .      Faith    .   b - +1 buckler
rNeg    . . .      Spirit   .   (helmet restricted)
rPois   .          Reflect  .   g - amulet of the acrobat
rElec   .          Harm     .   k - +4 ring of protection
rCorr   .          Rampage  .   (no ring)
Will    .....                   (no ring)
Stlth   ++++......              (no ring)
HPRegen 0.18/turn               (no ring)
MPRegen 0.11/turn               (no ring)
                                (no ring)
                                (no ring)

@: brilliant, attractive
A: almost no armour, amphibious, 8 rings, camouflage 1, gelatinous body 1,
(nimble swimmer 1), tentacles
a: Renounce Religion


You were on level 3 of the Dungeon.
You worshipped Uskayaw.
Uskayaw was noncommittal.
You visited 1 branch of the dungeon, and saw 5 of its levels.

You collected 82 gold pieces.

Inventory:

Hand Weapons
 a - a +0 war axe
 l - a +0 hunting sling
 n - a +4 morningstar of draining (weapon)
Missiles
 j - 13 poisoned darts (quivered)
 m - 35 stones
Armour
 b - a +1 buckler (worn)
Jewellery
 g - an amulet of the acrobat (around mantle)
 k - a +4 ring of protection (left tentacle)
Potions
 d - 2 potions of curing
 e - a potion of magic
 i - a potion of flight {unknown}
 o - a potion of haste {unknown}


   Skills:
 + Level 5.3 Fighting
 - Level 2.8(3.7) Axes
 + Level 3.7(4.2) Maces & Flails
 + Level 5.4 Dodging
 + Level 6.0 Stealth
 + Level 5.4 Shields


You had 7 spell levels left.
You didn't know any spells.
Your spell library contained the following spells:

 Spells                   Type           Power      Damage    Failure   Level
 Animate Skeleton         Necr           0%         N/A       43%         1
 Apportation              Tloc           0%         N/A       43%         1
 Magic Dart               Conj           0%         1d3       43%         1
 Pain                     Necr           0%         1d4       43%         1
 Summon Small Mammal      Summ           0%         N/A       43%         1
 Searing Ray              Conj           0%         2d4       58%         2
 Gell's Gravitas          Tloc           0%         N/A       82%         3
 Lesser Beckoning         Tloc           0%         N/A       82%         3
 Teleport Other           Tloc           0%         N/A       82%         3
 Fulminant Prism          Conj/Hex       0%         3d6       99%         4
 Agony                    Necr           0%         N/A       100%        5
 Alistair's Intoxication  Tmut/Pois      0%         N/A       100%        5
 Excruciating Wounds      Necr           0%         N/A       100%        5


Dungeon Overview and Level Annotations

Branches:
Dungeon (5/15)
 Temple: D:4-7

Altars:
Ru
Uskayaw
Zin
The Shining One

Shops:
D:1 :


Innate Abilities, Weirdness & Mutations

You cannot wear most types of armour.
You are amphibious.
You can wear up to eight rings at the same time.
Your skin changes colour to match your surroundings (Stealth+).
Your rubbery body absorbs attacks. (AC +1, EV +1)
((You are camouflaged when in or above water. (Stealth+)))
You have tentacles for arms and can constrict up to eight enemies at once.


Message History

Press: ? - help, Q - select action, (/) - cycle Shift-Dir - straight line You throw a boomerang of dispersal.
The boomerang of dispersal barely misses the ice beast.
The orc hits you but does no damage. The ice beast closely misses you.
You block the orc's attack.
Throw: boomerang (disperse)
Press: ? - help, Q - select action, (/) - cycle Shift-Dir - straight line, f - ice beast
Aim: an ice beast (lightly wounded, 59% to hit)
You throw a boomerang of dispersal.
The boomerang of dispersal closely misses the ice beast.
You block the ice beast's attack. You block the orc's attack.
Throw: 14 darts (poison)
Press: ? - help, Q - select action, (/) - cycle Shift-Dir - straight line, f/p - ice beast
Aim: an ice beast (lightly wounded, 59% to hit)
You throw a poisoned dart. The poisoned dart hits the ice beast.
The ice beast is lightly wounded.
The ice beast misses you. The orc hits you with a +0 trident.
You stomp with the beat, sending a shockwave through the revellers around you!
The orc is heavily wounded.
The ice beast is moderately wounded.
You can no longer stomp with the beat.
The ice beast hits you. The ice beast freezes you!
* * * LOW HITPOINT WARNING * * *
You block the orc's attack. The orc barely misses you.
You block the ice beast's attack. You block the ice beast's attack.
There is an open door here.
There is an escape hatch in the ceiling here.
The ice beast completely misses you. A mysterious force pulls you upwards.
The hatch slams shut behind you.
It was a potion of attraction.
You feel attractive to monsters.
The ice beast hits you but does no damage.
It was a potion of brilliance.
You feel clever all of a sudden. The ice beast hits you.
* * * LOW HITPOINT WARNING * * *
The ice beast freezes you!
You die...

### #.# #... #.# #.# #...
#.#######.# #... ### #.........#
#... ..###### ###.####.#### #...
#......####.#...##.#.## #...
.........#............# #...
.....#.#...........#.## #...
#.#.............@..#.## #.[.
..#.##...##....Y.#...># #...
..#..............#.#^#########...
#.#..................#...........
#.#......>.........#.#.#####.##.#
#.#.......................#####..
#.#................#.#.##.......#
#.#####.....#..........##.####..#
#.....#............#.#.##.## #..#


You could see an ice beast.

Vanquished Creatures
  A two-headed ogre (D:4)
  A black bear (D:5)
  A kobold brigand (D:4)
  A scorpion (D:4)
  A howler monkey (D:4)
  A gnoll shaman (D:4)
  A centaur skeleton (D:4)
  An orc priest (D:4)
  2 jellies (D:4)
  2 iguanas (D:4)
  Terence (D:3)
  An orc wizard (D:4)
  A hound skeleton (D:4)
  9 gnolls
  A howler monkey skeleton (D:5)
  2 adders
  An adder skeleton (D:4)
  A dart slug (D:1)
  2 worms (D:2)
  10 orcs
  4 ball pythons
  2 bats
  7 endoplasms
  3 hobgoblins (D:4)
  2 jackals (D:2)
  3 quokkas
  2 frilled lizards (D:2)
  4 goblins
  3 kobolds
  6 rats
77 creatures vanquished.

Notes
Turn   | Place    | Note
-------+----------+-------------------------------------------
     0 | D:1      | diecastcamel the Octopode Fighter began the quest for the
                  | Orb.
     0 | D:1      | Reached XP level 1. HP: 16/16 MP: 1/1
    55 | D:1      | Found a faded altar of an unknown god.
    60 | D:1      | Prayed at the altar of an unknown god.
    60 | D:1      | Became a worshipper of Uskayaw the Reveller
    60 | D:1      | Reached * piety under Uskayaw
   421 | D:1      | Reached XP level 2. HP: 21/21 MP: 2/2
   564 | D:1      | Found Utzits's Book Shop.
  1143 | D:2      | Reached ** piety under Uskayaw
  1147 | D:2      | Reached *** piety under Uskayaw
  1148 | D:2      | Reached skill level 1 in Stealth
  1148 | D:2      | Reached XP level 3. HP: 16/26 MP: 3/3
  1149 | D:2      | Reached **** piety under Uskayaw
  1152 | D:2      | Reached ***** piety under Uskayaw
  1518 | D:2      | Reached XP level 4. HP: 31/31 MP: 4/4
  2821 | D:3      | Found a sacrificial altar of Ru.
  2842 | D:3      | Found a hide-covered altar of Uskayaw.
  2852 | D:3      | Found a glowing silver altar of Zin.
  2917 | D:3      | Noticed Terence
  2935 | D:3      | Killed Terence
  2936 | D:3      | Reached skill level 2 in Stealth
  3319 | D:3      | Found a glowing golden altar of the Shining One.
  3723 | D:4      | Noticed a kobold brigand
  3725 | D:4      | Killed a kobold brigand
  3726 | D:4      | Reached XP level 5. HP: 35/37 MP: 5/5
  3737 | D:4      | Reached skill level 1 in Maces & Flails
  3773 | D:4      | Reached skill level 3 in Stealth
  3773 | D:4      | Reached XP level 6. HP: 43/43 MP: 6/6
  4201 | D:4      | Identified the +0 leather armour "Atheetes" {Harm Rampage
                  | rN++ Dex-3}
  4508 | D:4      | Noticed a two-headed ogre
  4517 | D:4      | Killed a two-headed ogre
  4518 | D:4      | Reached skill level 5 in Fighting
  4518 | D:4      | Reached skill level 5 in Dodging
  4518 | D:4      | Reached skill level 5 in Stealth
  4518 | D:4      | Reached skill level 5 in Shields
  4518 | D:4      | Reached XP level 7. HP: 40/50 MP: 7/7
  4518 | D:4      | Reached XP level 8. HP: 44/55 MP: 8/8
  4836 | D:5      | Entered Level 5 of the Dungeon
  5013 | D:4      | Reached skill level 6 in Stealth
  5310 | D:3      | Mangled by an ice beast

Illustrated notes

Levels and vault maps discovered:
D:1:      minmay_arrival_jagged, layout_loops_ring, serial_shops, shop,
          ebering_ecumenical_altar_rust
D:2:      layout_basic, kennysheep_potato
D:3:      layout_basic, nicolae_overflow_quartered_altars,
          serial_co_window_serial, co_window_corner_a, co_window_paths_a,
          co_window_corner_a, co_window_corner_a, co_window_of_opportunity_a,
          co_window_cross_4, co_window_unsneaky_path_d, co_window_broadway_a,
          co_window_unsneaky_path_a, co_window_corner_ca,
          co_window_unsneaky_path_b, glass_columns_b, chequers_decorated_corner,
          uniq_terence
D:4:      layout_gridville
D:5:      layout_cave_pools, grunt_gozag_statues, minmay_temple_entry_junction

Skill      XL: |  1  2  3  4  5  6  7  8 |
---------------+-------------------------+-----
Stealth        | 1 2 3 5 6 |  6.0
Maces & Flails | 1 3 |  3.7
Fighting       | 4 5 |  5.3
Shields        | 4 5 |  5.4
Dodging        | 5 |  5.4
Axes           | |  2.8

Action                   |  1- 3 |  4- 6 |  7- 9 || total
-------------------------+-------+-------+-------++-------
Melee: War axe           |    38 |    19 |       ||    57
       Constrict         |     8 |    10 |    12 ||    30
       Tentacles         |     4 |    10 |     5 ||    19
       Punch             |     2 |     3 |     1 ||     6
       Morningstar       |       |    47 |    35 ||    82
Throw: Dart              |       |    18 |     5 ||    23
       Boomerang         |       |       |     2 ||     2
Invok: Stomp             |       |     1 |     1 ||     2
  Use: Scroll            |     2 |     6 |       ||     8
       Potion            |       |     2 |     2 ||     4
 Stab: Sleeping          |     4 |     7 |     3 ||    14
       Paralysed         |     2 |     1 |       ||     3
Armor: Skin              |     4 |    13 |    10 ||    27
Dodge: Dodged            |    18 |    18 |    38 ||    74
Block: Buckler           |     7 |    13 |    22 ||    42
